 Dungeon Crawl Stone Soup version 0.22-a0-367-gb72a975 (webtiles) character file.

248 khargal the Covered (level 6, -2/38 HPs)
             Began as a Gargoyle Fighter on Apr 22, 2018.
             Slain by an ogre
             ... wielding a +0 giant club
              (15 damage)
             ... on level 4 of the Dungeon.
             The game lasted 00:05:49 (3269 turns).

khargal the Covered (Gargoyle Fighter)              Turns: 3269, Time: 00:05:49

Health: -2/38      AC: 21    Str: 17 (20) XL:     6   Next: 12%
Magic:  6/6        EV:  5    Int:  7 (9)  God:
Gold:   143        SH: 10    Dex:  9 (10) Spells: 5/5 levels left

rFire    . . .     SeeInvis .   a - +1 flail
rCold    . . .     Gourm    .   c - +1 shield
rNeg     + . .     Faith    .   s - +4 chain mail
rPois    ∞         Spirit   .   q - +0 helmet
rElec    +         Reflect  .   l - +0 cloak
rCorr    .         Harm     .   p - +0 pair of gloves
MR       .....                  (no boots)
Stlth    ..........             (no amulet)
HPRegen  0.12/turn              (no ring)
MPRegen  0.10/turn              (no ring)

@: no status effects
A: negative energy resistance 1, electricity resistance, unbreathing,
petrification resistance, rot immunity, AC +4
a: no special abilities


You were on level 4 of the Dungeon.
You were hungry.

You visited 1 branch of the dungeon, and saw 4 of its levels.

You collected 143 gold pieces.

Inventory:

Hand Weapons
 a - a +1 flail (weapon)
 g - a cursed -1 blowgun
Missiles
 b - 2 curare-tipped needles
Armour
 c - a +1 shield (worn)
 e - a +0 chain mail
 l - a +0 cloak (worn)
 p - a +0 pair of gloves (worn)
 q - a +0 helmet (worn)
 s - a +4 chain mail (worn)
Scrolls
 m - a scroll of enchant weapon
 n - a scroll of enchant armour
 r - a scroll of remove curse
Potions
 d - a potion of might
Comestibles
 f - 5 rations
 i - 19 chunks of flesh


   Skills:
 + Level 4.2 Fighting
 + Level 3.9 Maces & Flails
 + Level 4.6 Armour
 + Level 4.5 Shields


You had 5 spell levels left.
You didn't know any spells.

Dungeon Overview and Level Annotations

Branches:
Dungeon (4/15)
 Temple: D:4-7

Altars:


Innate Abilities, Weirdness & Mutations

You are resistant to torment.
Your stone body is resilient. (AC +4)
You are immune to poison.
You resist negative energy. (rN+)
You are resistant to electric shocks. (rElec)
You can survive without breathing.
You are immune to petrification.
You are immune to rotting.


Message History

The ogre is lightly wounded.
The ogre hits you with a giant club.
You hit the ogre.
The ogre is moderately wounded.
The ogre hits you with a giant club!
Your shield prevents you from hitting the ogre.
The ogre is moderately wounded.
The ogre hits you with a giant club!
You are too injured to fight recklessly!
You are too injured to fight recklessly!
You are too injured to fight recklessly!
You are too injured to fight recklessly!
You are too injured to fight recklessly!
You are too injured to fight recklessly!
You are too injured to fight recklessly!
You are too injured to fight recklessly!
You are too injured to fight recklessly!
Found a stone staircase leading down.
The ogre hits you with a giant club!
You die...

#..### *,,,,,,,,,,* *,,,* #..))#
*****#.#**,* *,,,* #.##.## #.#
*,* **,** #.#.#)## #.# *,* *,*
#.>###.## #.# *,* *,* ...# ##.#
#.# *,* ****,*** #..###..# #!#
*,* *,,,,,,,
###.#.#.#########.###.###*,******
##.##.........@OS......,,,,,,,,
#.#####.#......###..>.,,******
#......###.##### ****#***
#######.#.## ##.## ###


You could see an ogre and an adder.

Vanquished Creatures
  Natasha (thrice) (D:2)
  6 adders
  3 worms
  10 dart slugs
  3 leopard geckos
  5 orcs (D:4)
  A ball python (D:4)
  3 bats
  4 giant cockroaches
  9 goblins
  5 hobgoblins
  11 jackals
  13 kobolds
  A quokka (D:2)
  3 frilled lizards
  8 rats
88 creatures vanquished.

Notes
Turn   | Place    | Note
-------+----------+-------------------------------------------
     0 | D:1      | khargal the Gargoyle Fighter began the quest for the Orb.
     0 | D:1      | Reached XP level 1. HP: 14/14 MP: 1/1
    51 | D:1      | Reached XP level 2. HP: 19/19 MP: 2/2
   269 | D:1      | Reached XP level 3. HP: 24/24 MP: 3/3
   943 | D:2      | Noticed Natasha
   977 | D:2      | Killed Natasha
   977 | D:2      | Reached XP level 4. HP: 7/29 MP: 4/4
  1167 | D:2      | Noticed Natasha
  1174 | D:2      | Killed Natasha
  1267 | D:2      | Noticed Natasha
  1271 | D:2      | Killed Natasha
  1271 | D:2      | Reached XP level 5. HP: 27/33 MP: 5/5
  3136 | D:4      | Reached XP level 6. HP: 38/38 MP: 6/6
  3269 | D:4      | Slain by an ogre

Vault maps used:
D:1:      sevenhm_arrival_forest_fort_large_4, minmay_tree_intersection,
          kennysheep_crisscross
D:2:      first_ration, uniq_natasha
D:4:      grunt_temple_overflow_open, goddamned_bats

Skill      XL: |  1  2  3  4 |
---------------+-------------+-----
Fighting       | 4 |  4.2
Maces & Flails | 3 |  3.9
Armour         | 4 |  4.6
Shields        | 4 |  4.5

Action                   |  1- 3 |  4- 6 || total
-------------------------+-------+-------++-------
Melee: Flail             |   129 |   264 ||   393
  Use: Scroll            |     2 |     7 ||     9
       Potion            |     1 |     3 ||     4
  Eat: Chunk             |       |     8 ||     8
Armor: Scale mail        |    61 |     6 ||    67
       Chain mail        |       |   158 ||   158
Dodge: Dodged            |    59 |    71 ||   130
Block: Shield            |    59 |   174 ||   233

Table legend:
 A = Spawn XP
 B = Non-spawn XP
 C = Spawn XP percentage of total XP
 D = Spawn monster count
 E = Non-spawn monster count
 F = Spawn count percentage of total count
 G = Total turns spent on level
                    A         B        C        D         E        F      G
               +---------+---------+-------+---------+---------+-------+---------
         Total |       0 |     355 |   0.0 |       0 |      88 |   0.0 |  3269
               +---------+---------+-------+---------+---------+-------+---------
           D:1 |       0 |      53 |   0.0 |       0 |      25 |   0.0 |   868
           D:2 |       0 |     187 |   0.0 |       0 |      28 |   0.0 |  1583
           D:3 |       0 |      49 |   0.0 |       0 |      17 |   0.0 |   558
           D:4 |       0 |      66 |   0.0 |       0 |      18 |   0.0 |   260
               +---------+---------+-------+---------+---------+-------+---------
